[Event "Titled Tuesday Blitz May 9 Early 2023"]
[White "Cherniaiev, Tykhon"]
[Black "Umarov, Sabir"]
[WhiteFideId "14182360"]
[BlackFideId "14200538"]
[WhiteElo "2450"]
[BlackElo "2429"]
[Result "1-0"]
[Round "01"]
[TimeControl "180+2"]
[Date "2023.05.09"]
[WhiteClock "0:01:54"]
[BlackClock "0:00:00"]

1. Nf3 g6 2. d4 Bg7 3. c4 c6 4. Nc3 d5 5. cxd5 cxd5 6. g3 Nf6 7. Bg2 O-O 8. O-O Nbd7 9. Bg5 b6 10. Ne5 Bb7 11. Qd3 Rc8 12. Rac1 a6 13. Bh3 e6 14. Qf3 h6 15. Nxd7 hxg5 16. Nxf8 Qxf8 17. Bg2 g4 18. Qd3 Bh6 19. Rc2 Kg7 20. e3 Qd6 21. Ne2 Rh8 22. Rfc1 Ne4 23. Rc7 Ba8 24. Qxa6 Ng5 25. Rc8 1-0


[Site "https://www.chess.com"]

[Event "Titled Tuesday Blitz May 9 Early 2023"]
[White "Vivas Zamora, Fabian Ernesto"]
[Black "Klukin, Kirill"]
[WhiteFideId "3902480"]
[BlackFideId "24199273"]
[WhiteElo "2244"]
[BlackElo "2344"]
[Result "0-1"]
[Round "01"]
[TimeControl "180+2"]
[Date "2023.05.09"]
[WhiteClock "0:00:00"]
[BlackClock "0:01:01"]

1. e4 d6 2. d4 f5 3. Nc3 Nf6 4. Bd3 Nc6 5. Nge2 e5 6. dxe5 Nxe5 7. exf5 Be7 8. Bf4 Nxd3+ 9. Qxd3 O-O 10. Ng3 d5 11. O-O-O c6 12. f3 Bd6 13. Bg5 Qa5 14. Kb1 Bd7 15. Rhe1 Rae8 16. Bd2 Qc7 17. Rxe8 Nxe8 18. Be1 Be5 19. Bf2 Nd6 20. Nxd5 cxd5 21. Qxd5+ Nf7 22. Bxa7 Bc6 23. Qc5 Bd6 24. Qf2 Ra8 25. Bb6 Qe7 0-1


[Site "https://www.chess.com"]

[Event "Titled Tuesday Blitz May 9 Early 2023"]
[White "Papasimakopoulos, Alexandros"]
[Black "Sargissyan, Sargis"]
[WhiteFideId "4244125"]
[BlackFideId "13303210"]
[WhiteElo "2359"]
[BlackElo "2109"]
[Result "1-0"]
[Round "01"]
[TimeControl "180+2"]
[Date "2023.05.09"]
[WhiteClock "0:00:25"]
[BlackClock "0:00:21"]

1. d4 Nf6 2. c4 g6 3. Nc3 Bg7 4. Bg5 O-O 5. e3 d6 6. Nf3 Nbd7 7. Be2 e5 8. dxe5 dxe5 9. Nd2 h6 10. Bh4 c6 11. O-O Nc5 12. Qc2 Bf5 13. e4 Bd7 14. Bg3 Qe7 15. b4 Ne6 16. Bxe5 Qxb4 17. Rab1 Qc5 18. Bxf6 Bxf6 19. Rxb7 Nd4 20. Nb3 Nxb3 21. Rxb3 Be6 22. Na4 Qa5 23. Re3 Rfd8 24. c5 Rd2 25. Qc1 Rxe2 26. Rxe2 Qxa4 27. Rd1 Kg7 28. e5 Bg5 29. Qc2 Bg4 30. Qxa4 Bxe2 31. Re1 Bb5 32. Qd4 Rd8 33. Qe4 Rd2 34. a4 Bd3 35. Qxc6 Rc2 36. e6 1-0


[Site "https://www.chess.com"]

[Event "Titled Tuesday Blitz May 9 Early 2023"]
[White "Grossboss19"]
[Black "Kvaloy, Aksel Bu"]
[BlackFideId "1528815"]
[WhiteElo "2425"]
[BlackElo "2242"]
[Result "0-1"]
[Round "01"]
[TimeControl "180+2"]
[Date "2023.05.09"]
[WhiteClock "0:00:52"]
[BlackClock "0:01:07"]

1. d4 Nf6 2. c4 e6 3. e3 d5 4. Nc3 Bb4 5. Bd2 O-O 6. a3 Be7 7. Bd3 dxc4 8. Bxc4 c5 9. Nf3 Nc6 10. dxc5 Bxc5 11. b4 Bd6 12. O-O a6 13. Bd3 Bxh2+ 14. Kxh2 Qxd3 15. Na4 e5 16. Nc5 Qd6 17. Bc3 Qxd1 18. Raxd1 b6 19. Na4 Bg4 20. Nxb6 Rab8 21. Rd6 Bxf3 22. gxf3 Rxb6 23. Bxe5 Ne8 24. Rd5 Nxe5 25. Rxe5 Nd6 26. Rc1 g6 27. Rc7 Kg7 28. Ree7 Kf6 29. e4 Nb5 30. e5+ Kg7 31. Rcd7 Kg8 32. Rd3 Re6 33. Rxe6 fxe6 34. a4 Nc7 35. Rd7 Nd5 36. b5 axb5 37. axb5 Rxf3 38. Kg2 Rb3 39. Rb7 h5 40. Kf1 h4 41. Kg2 g5 42. Kh2 g4 43. Kg2 Nf4+ 44. Kh2 g3+ 45. fxg3 hxg3+ 46. Kg1 Rb1# 0-1


[Site "https://www.chess.com"]

[Event "Titled Tuesday Blitz May 9 Early 2023"]
[White "Bryakin, Mikhail"]
[Black "Topalov, Aleksandar"]
[WhiteFideId "4165314"]
[BlackFideId "925659"]
[WhiteElo "2467"]
[BlackElo "2151"]
[Result "0-1"]
[Round "01"]
[TimeControl "180+2"]
[Date "2023.05.09"]
[WhiteClock "0:00:00"]
[BlackClock "0:00:55"]

1. e4 e6 2. Qe2 c5 3. Nf3 Nc6 4. g3 Be7 5. Bg2 d5 6. d3 Nf6 7. O-O O-O 8. Rd1 b5 9. e5 Nd7 10. h4 a5 11. Bf4 b4 12. Nbd2 Ba6 13. Nf1 c4 14. h5 Re8 15. N1h2 Bf8 16. h6 g6 17. Ng4 Qb6 18. Qd2 cxd3 19. cxd3 Nd4 20. Ng5 Rac8 21. Rac1 Rc6 22. Be3 Rec8 23. Rxc6 Rxc6 24. Nf3 Nxf3+ 25. Bxf3 Qc7 26. Bd4 Rc2 27. Qf4 Bb5 0-1


[Site "https://www.chess.com"]

[Event "Titled Tuesday Blitz May 9 Early 2023"]
[White "electrosaw"]
[Black "Starozhilov, Leonid"]
[BlackFideId "14106752"]
[WhiteElo "2422"]
[BlackElo "2352"]
[Result "0-1"]
[Round "01"]
[TimeControl "180+2"]
[Date "2023.05.09"]
[WhiteClock "0:00:12"]
[BlackClock "0:00:23"]

1. e4 g6 2. d4 Bg7 3. Nf3 d6 4. Nc3 Nf6 5. Be2 O-O 6. O-O Bg4 7. h3 Bxf3 8. Bxf3 Nc6 9. Be3 e5 10. d5 Nd4 11. Bxd4 exd4 12. Qxd4 Nd7 13. Qd3 Nc5 14. Qc4 a6 15. a4 Re8 16. Rae1 h5 17. b4 Nd7 18. Bd1 a5 19. Nb5 axb4 20. Qxc7 Qxc7 21. Nxc7 Bc3 22. Re3 Nc5 23. Nxa8 Rxa8 24. g4 h4 25. Kg2 Rxa4 26. f4 f6 27. Bf3 Ra2 28. Re2 g5 29. e5 fxe5 30. fxg5 Kg7 31. Kh1 b6 32. Bg2 Bd4 33. Rf5 b3 0-1


[Site "https://www.chess.com"]

[Event "Titled Tuesday Blitz May 9 Early 2023"]
[White "Wagner, Dennis"]
[Black "Sai Han Thiha"]
[WhiteFideId "24650684"]
[BlackFideId "13012290"]
[WhiteElo "2478"]
[BlackElo "1954"]
[Result "1-0"]
[Round "01"]
[TimeControl "180+2"]
[Date "2023.05.09"]
[WhiteClock "0:00:47"]
[BlackClock "0:00:18"]

1. d4 Nf6 2. Nf3 e6 3. c4 Bb4+ 4. Bd2 Qe7 5. g3 Nc6 6. Nc3 Bxc3 7. Bxc3 Ne4 8. Rc1 d6 9. Bg2 e5 10. Nxe5 Nxc3 11. Nxc6 Nxd1 12. Nxe7 Nxf2 13. Nd5 Nxh1 14. Nxc7+ Kd8 15. Nxa8 Be6 16. Bxb7 Kd7 17. Bxh1 Rb8 18. b3 Rc8 19. Kd2 f5 20. Rf1 g6 21. e4 fxe4 22. Bxe4 Bg8 23. Bg2 d5 24. Bh3+ 1-0


[Site "https://www.chess.com"]

[Event "Titled Tuesday Blitz May 9 Early 2023"]
[White "Salman, Pavel"]
[Black "Yuan, Qingyu"]
[WhiteFideId "24153753"]
[BlackFideId "8609772"]
[WhiteElo "2187"]
[BlackElo "2359"]
[Result "0-1"]
[Round "01"]
[TimeControl "180+2"]
[Date "2023.05.09"]
[WhiteClock "0:00:21"]
[BlackClock "0:00:14"]

1. d4 d5 2. Nc3 c6 3. Bf4 Nf6 4. e3 Qb6 5. Na4 Qa5+ 6. c3 Bf5 7. b4 Qd8 8. Nc5 b6 9. Nd3 e6 10. Nf3 Ne4 11. Rc1 a5 12. Qb3 Be7 13. Nfe5 f6 14. Nf3 g5 15. Bg3 h5 16. Nd2 Nd7 17. f3 Nxg3 18. hxg3 Qb8 19. Kf2 c5 20. bxc5 bxc5 21. e4 Bg6 22. exd5 Qxb3 23. axb3 exd5 24. g4 h4 25. f4 O-O 26. f5 Bf7 27. g3 hxg3+ 28. Kxg3 Rfc8 29. Nf3 c4 30. bxc4 dxc4 31. Nf2 Bd5 32. Bg2 Bd6+ 33. Kh3 Kg7 34. Ne5 Rh8+ 35. Kg3 Bxg2 36. Rxh8 Kxh8 37. Kxg2 fxe5 38. Rh1+ Kg7 39. Ne4 Be7 40. d5 a4 41. d6 Bf6 42. Ra1 a3 43. Ra2 Nb6 44. Kf3 Nd5 45. d7 Be7 46. f6+ Bxf6 47. Nd2 Nxc3 48. Ra1 e4+ 49. Ke3 Nd5+ 50. Kxe4 Bxa1 51. Nxc4 a2 52. Kxd5 Bf6 53. Nb6 a1=Q 54. Nxa8 Qxa8+ 55. Ke6 Qd8 56. Kf5 Qxd7+ 57. Ke4 Qxg4+ 0-1


[Site "https://www.chess.com"]

[Event "Titled Tuesday Blitz May 9 Early 2023"]
[White "Rozman, Levy"]
[Black "Balla, Tamas-Kristof"]
[WhiteFideId "2039877"]
[BlackFideId "1208497"]
[WhiteElo "2376"]
[BlackElo "2334"]
[Result "1-0"]
[Round "01"]
[TimeControl "180+2"]
[Date "2023.05.09"]
[WhiteClock "0:00:03"]
[BlackClock "0:00:06"]

1. e4 c5 2. Nc3 Nc6 3. Bb5 Nd4 4. Nf3 Nf6 5. e5 Nxb5 6. Nxb5 Nd5 7. O-O Nc7 8. Nc3 Ne6 9. d4 cxd4 10. Nxd4 d6 11. exd6 exd6 12. Re1 Be7 13. Nf5 O-O 14. Nd5 Bg5 15. Nxd6 Bxc1 16. Rxc1 Bd7 17. Nxb7 Qg5 18. f4 Nxf4 19. Nxf4 Bc6 20. Na5 Qxa5 21. Qd4 Rae8 22. Rf1 Re4 23. Qd6 Qb6+ 24. Kh1 Rxf4 25. Qxf4 Qxb2 26. a4 Qa3 27. Rce1 Bxa4 28. Re3 Qa2 29. c4 Bd7 30. Re7 Be6 31. Rxe6 Qa4 32. Re4 h6 33. h3 Qb4 34. Qf3 a5 35. Rfe1 a4 36. c5 a3 37. Rxb4 1-0


[Site "https://www.chess.com"]

[Event "Titled Tuesday Blitz May 9 Early 2023"]
[White "Rakotomaharo, Fy Antenaina"]
[Black "Bayasgalan, Khishigbaatar"]
[WhiteFideId "13100050"]
[BlackFideId "4904311"]
[WhiteElo "2427"]
[BlackElo "2057"]
[Result "0-1"]
[Round "01"]
[TimeControl "180+2"]
[Date "2023.05.09"]
[WhiteClock "0:00:15"]
[BlackClock "0:00:43"]

1. Nf3 d5 2. g3 Nf6 3. Bg2 e6 4. O-O Be7 5. d3 O-O 6. Nbd2 c5 7. e4 d4 8. a4 Nc6 9. Nc4 Rb8 10. Bf4 Ra8 11. c3 b6 12. cxd4 Nxd4 13. Nxd4 Qxd4 14. Be5 Qd8 15. Bxf6 gxf6 16. e5 Rb8 17. Qg4+ Kh8 18. Rad1 f5 19. Qh5 Bb7 20. Rfe1 Bxg2 21. Kxg2 Qd7 22. b3 a6 23. Kg1 b5 24. axb5 axb5 25. Ne3 Qd4 26. Ng2 Ra8 27. Nf4 Ra2 28. Qf3 Rfa8 29. Nh5 Bg5 30. h4 Bh6 31. Nf6 Bg7 32. Qe3 Bxf6 33. exf6 Rd8 34. Qxd4 cxd4 35. Re5 Rb8 36. Rc5 h5 37. Rc7 Kg8 38. Rd7 Rb2 39. Rxd4 Rxb3 40. Rc1 Rb7 41. Rd8+ Kh7 42. Re8 Kg6 43. Re7 Rb8 44. Rcc7 Rf8 45. Rb7 Kxf6 46. Rec7 Kg6 47. Kg2 b4 48. d4 Rb2 49. Rc6 Rd8 50. Rcc7 Rxd4 51. Rxf7 Rdd2 52. Kf3 Rxf2+ 53. Ke3 Rbe2+ 54. Kd3 Re4 55. Rg7+ Kf6 56. Rgf7+ Ke5 57. Rb5+ Kd6 58. Rfb7 Rf3+ 59. Kd2 Rxg3 60. R7b6+ Ke7 61. Rb7+ Kf6 62. Rh7 Rxh4 63. Ke2 Rh2+ 64. Kf1 Ra3 65. Kg1 Rb2 0-1


[Site "https://www.chess.com"]

[Event "Titled Tuesday Blitz May 9 Early 2023"]
[White "Khromkin"]
[Black "Concio, Michael Jr."]
[BlackFideId "5217873"]
[WhiteElo "2415"]
[BlackElo "2263"]
[Result "0-1"]
[Round "01"]
[TimeControl "180+2"]
[Date "2023.05.09"]
[WhiteClock "0:02:10"]
[BlackClock "0:02:12"]

1. d4 Nf6 2. c4 e6 3. Nf3 Bb4+ 4. Bd2 Qe7 5. g3 b6 6. Bg2 Bb7 7. O-O Bxd2 8. Qxd2 O-O 9. Qc2 Be4 10. Qb3 Nc6 11. Nc3 Bxf3 12. Bxf3 Nxd4 13. Qd1 Nxf3+ 14. exf3 Rfd8 15. Re1 Qc5 16. b3 d5 17. Na4 Qc6 18. cxd5 exd5 19. Re7 Qd6 20. Re2 d4 21. Nb2 c5 22. Nc4 Qd7 23. Qd3 Re8 24. Ne5 Qd5 25. f4 Re7 26. Rae1 Rae8 27. Qb5 h6 28. Ng4 Rxe2 29. Nxf6+ gxf6 30. Rxe2 Rxe2 31. Qxe2 d3 32. Qd2 b5 33. Kf1 Qh1# 0-1


[Site "https://www.chess.com"]

[Event "Titled Tuesday Blitz May 9 Early 2023"]
[White "Hasangatin, Ramil"]
[Black "Federzoni, Enzo"]
[WhiteFideId "4122160"]
[BlackFideId "2173301"]
[WhiteElo "2279"]
[BlackElo "2039"]
[Result "1-0"]
[Round "01"]
[TimeControl "180+2"]
[Date "2023.05.09"]
[WhiteClock "0:01:06"]
[BlackClock "0:00:22"]

1. e4 e5 2. Nf3 Nc6 3. Bb5 Nf6 4. d3 a6 5. Bxc6 dxc6 6. Bg5 Bd6 7. Nbd2 Be6 8. Qe2 Qe7 9. b3 h6 10. Bh4 c5 11. Nc4 Bxc4 12. dxc4 Qe6 13. Bxf6 Qxf6 14. O-O-O O-O-O 15. Rd3 Be7 16. Rhd1 Rxd3 17. Rxd3 Rd8 18. Rxd8+ Kxd8 19. g3 Qe6 20. Qd3+ Bd6 21. Qd5 Qf6 22. Qd3 Kc8 23. Kd1 c6 24. Ke2 g6 25. Qe3 Bf8 26. Ne1 Qe6 27. Nd3 Qg4+ 28. Qf3 Qxf3+ 29. Kxf3 f6 30. h4 h5 31. g4 hxg4+ 32. Kxg4 Kd7 33. h5 gxh5+ 34. Kxh5 Ke6 35. Kg6 b5 36. Ne1 a5 37. a4 bxa4 38. bxa4 Be7 39. Nf3 Bd8 40. Nh4 Kd7 41. Kf7 f5 42. Nxf5 Bg5 43. Ng7 Bd2 44. Nh5 Be1 45. f3 Bf2 46. Nf6+ Kd6 47. Ng4 Bd4 48. Kf6 Bc3 49. Kf5 Bd4 50. Nh6 Be3 51. Nf7+ Ke7 52. Nxe5 Kd6 53. Nd3 Bd4 54. e5+ Ke7 55. Ke4 Ke6 56. f4 Bc3 57. f5+ Ke7 58. Nf4 Bd4 59. f6+ Kf7 60. Kf5 Be3 61. e6+ Kf8 62. Ng6+ Ke8 63. f7+ Kd8 64. f8=Q+ Kc7 65. e7 Kb6 66. e8=Q Bg5 67. Qb8+ Ka6 68. Qfc8# 1-0


[Site "https://www.chess.com"]

[Event "Titled Tuesday Blitz May 9 Early 2023"]
[White "Chan, Kim Yew"]
[Black "Goltsev, Dmitry"]
[WhiteFideId "5717981"]
[BlackFideId "24176710"]
[WhiteElo "2206"]
[BlackElo "2356"]
[Result "0-1"]
[Round "01"]
[TimeControl "180+2"]
[Date "2023.05.09"]
[WhiteClock "0:00:29"]
[BlackClock "0:00:54"]

1. e4 e6 2. d4 d5 3. Nd2 c5 4. exd5 exd5 5. Ngf3 Nf6 6. Bb5+ Nc6 7. O-O Be7 8. dxc5 Bxc5 9. Re1+ Be6 10. Nb3 Bb6 11. Nbd4 O-O 12. Bxc6 bxc6 13. Nxc6 Qd6 14. Ncd4 Rfe8 15. h3 Ne4 16. Be3 Rac8 17. c3 Bd7 18. Nc2 f5 19. Bxb6 Qxb6 20. Qxd5+ Be6 21. Qd4 Qxb2 22. Ne3 Qxf2+ 23. Kh2 Rxc3 24. Nd1 Qg3+ 25. Kg1 Rxf3 0-1


[Site "https://www.chess.com"]

[Event "Titled Tuesday Blitz May 9 Early 2023"]
[White "Karthik Rajaa"]
[Black "Szyszylo, Rafal"]
[WhiteFideId "25035215"]
[BlackFideId "1109626"]
[WhiteElo "2215"]
[BlackElo "1951"]
[Result "1-0"]
[Round "01"]
[TimeControl "180+2"]
[Date "2023.05.09"]
[WhiteClock "0:00:49"]
[BlackClock "0:00:02"]

1. Nf3 d6 2. d4 g6 3. Nc3 Nf6 4. e4 Bg7 5. Be2 O-O 6. O-O Bg4 7. Be3 Nc6 8. d5 Bxf3 9. Bxf3 Ne5 10. Be2 c6 11. h3 cxd5 12. exd5 Qc7 13. Bd4 a6 14. a4 b6 15. Re1 Rfe8 16. Bf1 Qb7 17. g3 Rec8 18. Bg2 Rab8 19. f4 Ned7 20. Rxe7 b5 21. axb5 axb5 22. Ra7 b4 23. Rxb7 Rxb7 24. Ne4 Nxe4 25. Rxe4 Nf6 26. Re2 Rc4 27. b3 Rxd4 28. Qxd4 Nh5 29. Re8+ Bf8 30. g4 Ng7 31. Rc8 h5 32. Qf6 Rd7 33. Bf1 hxg4 34. hxg4 Re7 35. Qxe7 1-0


[Site "https://www.chess.com"]

[Event "Titled Tuesday Blitz May 9 Early 2023"]
[White "Gheorghiu, Calin"]
[Black "Prohaszka, Peter"]
[WhiteFideId "1200305"]
[BlackFideId "726265"]
[WhiteElo "2223"]
[BlackElo "2626"]
[Result "0-1"]
[Round "01"]
[TimeControl "180+2"]
[Date "2023.05.09"]
[WhiteClock "0:00:00"]
[BlackClock "0:00:04"]

1. e4 c6 2. d4 d5 3. e5 Bf5 4. Nf3 e6 5. Be2 Ne7 6. O-O Bg6 7. a4 Nf5 8. a5 a6 9. b3 c5 10. dxc5 Bxc5 11. Nc3 Nc6 12. Na4 Ba7 13. Nb6 Bxb6 14. axb6 Qxb6 15. Ba3 Nfe7 16. c4 Rd8 17. cxd5 Rxd5 18. Qc1 O-O 19. Bc4 Rd7 20. Qg5 h6 21. Qg4 Bf5 22. Qg3 Rfd8 23. h4 Bd3 24. h5 Nf5 25. Qg4 Bxf1 26. Rxf1 Rd1 27. Ne1 Nxe5 28. Qe4 Nxc4 29. Qxc4 Qd4 30. Qc7 Qd2 31. Qe5 Qd4 32. Qc7 Kh7 33. Qxf7 Qf6 34. Qc7 R8d7 35. Qc2 Qg5 36. Bb2 Qxh5 37. Qc3 Qg6 38. Nf3 Rxf1+ 39. Kxf1 Qg4 0-1


[Site "https://www.chess.com"]

[Event "Titled Tuesday Blitz May 9 Early 2023"]
[White "Hua, Lefong"]
[Black "Fernandez Siles, Luis"]
[WhiteFideId "2602253"]
[BlackFideId "2209420"]
[WhiteElo "2723"]
[BlackElo "2195"]
[Result "1/2-1/2"]
[Round "01"]
[TimeControl "180+2"]
[Date "2023.05.09"]
[WhiteClock "0:00:21"]
[BlackClock "0:00:19"]

1. d4 Nf6 2. c4 g6 3. Nc3 Bg7 4. e4 d6 5. f4 O-O 6. Nf3 c5 7. d5 e6 8. Be2 exd5 9. cxd5 Bg4 10. O-O Nbd7 11. Re1 Ne8 12. h3 Bxf3 13. Bxf3 Nc7 14. Be3 b5 15. a3 a5 16. Bf2 b4 17. axb4 axb4 18. Na4 Nb5 19. e5 dxe5 20. Nxc5 Rxa1 21. Qxa1 Nd4 22. Bxd4 exd4 23. Nd3 Re8 24. Nxb4 Nc5 25. Rxe8+ Qxe8 26. d6 Qe3+ 27. Kh1 Qe6 28. Qa8+ Bf8 29. Bd5 Qxd6 30. g3 Ne6 31. Bxe6 Qxb4 32. Bd5 Qe1+ 33. Kg2 Qe2+ 34. Kh1 d3 35. Qb7 Be7 36. Bf3 Qe1+ 37. Kg2 Qd2+ 38. Kh1 Qe1+ 39. Kg2 Qd2+ 40. Kh1 Qe1+ 1/2-1/2


[Site "https://www.chess.com"]

[Event "Titled Tuesday Blitz May 9 Early 2023"]
[White "Fan_Of_Chucky"]
[Black "Shuvalova, Polina"]
[BlackFideId "24171760"]
[WhiteElo "2407"]
[BlackElo "2281"]
[Result "0-1"]
[Round "01"]
[TimeControl "180+2"]
[Date "2023.05.09"]
[WhiteClock "0:00:03"]
[BlackClock "0:01:57"]

1. d4 Nf6 2. Bg5 g6 3. Bxf6 exf6 4. e3 f5 5. Bd3 d5 6. Ne2 Nd7 7. Nd2 Nf6 8. c4 c6 9. O-O Bd6 10. h3 h5 11. Nc3 Be6 12. c5 Bc7 13. b4 Ne4 14. Ne2 g5 15. b5 h4 16. f3 Ng3 17. Nxg3 hxg3 18. bxc6 bxc6 19. Qa4 Bd7 20. e4 g4 21. exd5 gxh3 22. dxc6 Be6 23. Nc4 hxg2 24. Nd6+ Kf8 25. Rfe1 Qh4 0-1


[Site "https://www.chess.com"]

[Event "Titled Tuesday Blitz May 9 Early 2023"]
[White "Titichoca Daza, Daniel"]
[Black "Orozbaev, Eldiar"]
[WhiteFideId "3309550"]
[BlackFideId "13802240"]
[WhiteElo "2101"]
[BlackElo "2201"]
[Result "1-0"]
[Round "01"]
[TimeControl "180+2"]
[Date "2023.05.09"]
[WhiteClock "0:00:37"]
[BlackClock "0:00:51"]

1. e4 e6 2. Nf3 d5 3. Nc3 Nf6 4. Qe2 d4 5. e5 dxc3 6. exf6 cxd2+ 7. Bxd2 Qxf6 8. O-O-O Ba3 9. Ne5 Bd6 10. Bc3 Qg5+ 11. Kb1 O-O 12. h4 Qe7 13. g4 Nc6 14. f4 Nxe5 15. fxe5 Bb4 16. Bd4 c5 17. Be3 b6 18. Bg5 f6 19. exf6 gxf6 20. Bh6 Re8 21. Bg2 Bb7 22. g5 f5 23. h5 Rad8 24. g6 hxg6 25. hxg6 c4 26. Rxd8 Rxd8 27. Bxb7 c3 28. Bg5 Rd2 29. Bxe7 Rxe2 30. Bf6 1-0


[Site "https://www.chess.com"]

[Event "Titled Tuesday Blitz May 9 Early 2023"]
[White "Schmakel, Sam"]
[Black "Golubev, Mikhail"]
[WhiteFideId "2039311"]
[BlackFideId "14100983"]
[WhiteElo "2356"]
[BlackElo "2374"]
[Result "1-0"]
[Round "01"]
[TimeControl "180+2"]
[Date "2023.05.09"]
[WhiteClock "0:00:26"]
[BlackClock "0:00:00"]

1. Nf3 d6 2. c4 g6 3. g3 Bg7 4. Bg2 Nf6 5. Nc3 O-O 6. d4 Nbd7 7. O-O e5 8. e4 Re8 9. d5 Nc5 10. Ne1 a5 11. h3 Nfd7 12. Be3 f5 13. Nd3 Nxd3 14. Qxd3 f4 15. gxf4 exf4 16. Bxf4 Rf8 17. Bg3 Ne5 18. Qe2 g5 19. Rad1 Bd7 20. Nb5 Rf7 21. Nd4 Qe7 22. f4 gxf4 23. Bxf4 Raf8 24. Be3 Ng6 25. Rxf7 Rxf7 26. Rf1 Rxf1+ 27. Qxf1 Nh4 28. Qf2 Nxg2 29. Qxg2 Kh8 30. b3 Qh4 31. Nf3 Qxe4 32. Bd2 Qb1+ 33. Kf2 Qxa2 34. Qg5 Kg8 35. Qd8+ Bf8 36. Qxd7 Qxb3 37. Ng5 Qd3 38. Qf7+ 1-0


[Site "https://www.chess.com"]

[Event "Titled Tuesday Blitz May 9 Early 2023"]
[White "Tarasova, Viktoriya"]
[Black "Zhu, Jiner"]
[WhiteFideId "4175840"]
[BlackFideId "8608059"]
[WhiteElo "2182"]
[BlackElo "2384"]
[Result "0-1"]
[Round "01"]
[TimeControl "180+2"]
[Date "2023.05.09"]
[WhiteClock "0:00:03"]
[BlackClock "0:00:34"]

1. d4 Nf6 2. c4 g6 3. Nc3 Bg7 4. e4 d6 5. h3 c5 6. d5 O-O 7. Bd3 e6 8. Nf3 exd5 9. exd5 Re8+ 10. Be3 Nbd7 11. O-O a6 12. a4 Ne5 13. Nxe5 Rxe5 14. Bf4 Re8 15. Re1 Bd7 16. Qd2 Qc7 17. Rxe8+ Rxe8 18. Re1 Nh5 19. Bh2 Be5 20. Bxe5 dxe5 21. Ne4 f5 22. Ng5 Qd6 23. Be2 Nf6 24. b3 e4 25. h4 f4 26. Qc3 Qe5 27. Qxe5 Rxe5 28. Kh2 h6 29. Nh3 g5 30. hxg5 hxg5 31. g3 f3 32. Bf1 Kg7 33. Kg1 Kg6 34. Kh2 Re8 35. a5 Rh8 36. Rb1 g4 37. b4 gxh3 38. bxc5 Ng4+ 39. Kg1 h2+ 0-1


[Site "https://www.chess.com"]

[Event "Titled Tuesday Blitz May 9 Early 2023"]
[White "Ovetchkin, Roman"]
[Black "Llanos, Guillermo"]
[WhiteFideId "4119991"]
[BlackFideId "100358"]
[WhiteElo "2398"]
[BlackElo "2225"]
[Result "1-0"]
[Round "01"]
[TimeControl "180+2"]
[Date "2023.05.09"]
[WhiteClock "0:00:14"]
[BlackClock "0:00:00"]

1. d4 Nf6 2. c4 b6 3. Nc3 Bb7 4. d5 c6 5. e4 cxd5 6. exd5 e6 7. dxe6 fxe6 8. Nf3 Bb4 9. Bd3 O-O 10. O-O Na6 11. Bd2 Nc5 12. Be2 d5 13. cxd5 exd5 14. Nd4 Bxc3 15. Bxc3 Nfe4 16. Be1 Qe7 17. f3 Nd6 18. Bf2 Rae8 19. Re1 Qg5 20. Bf1 a5 21. Qc1 Qg6 22. Qc3 h5 23. Rxe8 Rxe8 24. Re1 Rxe1 25. Qxe1 Qf6 26. b3 Kf7 27. Qe3 Nf5 28. Qf4 Nxd4 29. Qxf6+ Kxf6 30. Bxd4+ Kf7 31. Kf2 g6 32. Ke3 Bc6 33. h4 Ke6 34. Be2 Be8 35. g4 Kd6 36. Bd1 Ke6 37. Bc2 Nd7 38. Kf4 1-0


[Site "https://www.chess.com"]

[Event "Titled Tuesday Blitz May 9 Early 2023"]
[White "Lima, Kleyton Alcantara"]
[Black "Leiva, Gianmarco"]
[WhiteFideId "22718397"]
[BlackFideId "3804399"]
[WhiteElo "2009"]
[BlackElo "2365"]
[Result "0-1"]
[Round "01"]
[TimeControl "180+2"]
[Date "2023.05.09"]
[WhiteClock "0:00:00"]
[BlackClock "0:00:02"]

1. e4 c5 2. Nf3 d6 3. d4 cxd4 4. Nxd4 Nf6 5. Nc3 g6 6. Be3 Bg7 7. f3 O-O 8. Qd2 Nc6 9. O-O-O Rb8 10. h4 Bd7 11. g4 Qa5 12. Kb1 Rfc8 13. h5 Ne5 14. Be2 b5 15. Nd5 Qxd2 16. Nxf6+ Bxf6 17. Rxd2 a5 18. g5 Bg7 19. f4 Nc4 20. Bxc4 Rxc4 21. h6 Bh8 22. Nb3 Rxe4 23. Re1 a4 24. Nc1 b4 25. Rde2 Bb5 26. Nd3 b3 27. axb3 axb3 28. Rd2 Ra4 29. cxb3 Raa8 30. Nf2 Bd7 31. Rc1 Bf5+ 0-1


[Site "https://www.chess.com"]

[Event "Titled Tuesday Blitz May 9 Early 2023"]
[White "Averjanov, Alexey"]
[Black "Feinig, Mario"]
[WhiteFideId "14109867"]
[BlackFideId "1618113"]
[WhiteElo "2704"]
[BlackElo "2163"]
[Result "1-0"]
[Round "01"]
[TimeControl "180+2"]
[Date "2023.05.09"]
[WhiteClock "0:00:47"]
[BlackClock "0:00:00"]

1. d4 d5 2. c4 e6 3. Nf3 Bb4+ 4. Nbd2 Nc6 5. e3 Nf6 6. Bd3 Qe7 7. O-O O-O 8. a3 Bxd2 9. Bxd2 e5 10. dxe5 Nxe5 11. Nxe5 Qxe5 12. Bc3 Qe6 13. Bxf6 Qxf6 14. cxd5 Qxb2 15. Qh5 g6 16. Qg5 Qg7 17. Rac1 f6 18. Qf4 c6 19. dxc6 bxc6 20. Rxc6 Rd8 21. Rc7 Qf8 22. Bc4+ Kh8 23. Rf7 Qd6 24. Qh4 h5 25. Rxf6 Qe7 26. Qg5 Bg4 27. Qxg6 Qg7 28. Qxg7+ Kxg7 29. Rf7+ Kg6 30. f3 Bd7 31. Re7 Rac8 32. Be6 Bxe6 33. Rxe6+ Kf5 34. Re7 Rd2 35. Rxa7 Rcc2 36. Rg7 Kf6 37. Rg8 Kf7 38. Rg5 Kf6 39. h4 Ra2 40. Rb1 Kf7 41. Rb7+ Kf8 42. Kh2 Rf2 43. Kh3 Rfe2 44. Rxh5 Kg8 45. Rg5+ Kh8 46. Ra5 1-0


[Site "https://www.chess.com"]

[Event "Titled Tuesday Blitz May 9 Early 2023"]
[White "Mika, Tomasz"]
[Black "Tisaj, Domen"]
[WhiteFideId "1132970"]
[BlackFideId "14628708"]
[WhiteElo "2179"]
[BlackElo "2340"]
[Result "0-1"]
[Round "01"]
[TimeControl "180+2"]
[Date "2023.05.09"]
[WhiteClock "0:00:00"]
[BlackClock "0:00:50"]

1. d4 Nf6 2. Nf3 e6 3. Bf4 d5 4. e3 Bd6 5. Bg3 O-O 6. Nbd2 c5 7. c3 Qc7 8. Bd3 Nbd7 9. Bxd6 Qxd6 10. O-O e5 11. dxe5 Nxe5 12. Nxe5 Qxe5 13. Nf3 Qe7 14. Qc2 h6 15. Bf5 Be6 16. Rfd1 Rfd8 17. Rd2 Bxf5 18. Qxf5 Qe4 19. Qxe4 dxe4 20. Rxd8+ Rxd8 21. Ne5 Rd5 22. Nc4 b5 23. Na3 a6 24. c4 Rd2 25. cxb5 axb5 26. Nxb5 Rxb2 27. Nd6 Rd2 28. Nc4 Rc2 29. Ne5 Kf8 30. a4 Ne8 31. Kf1 f6 32. Nd7+ Ke7 33. Nb6 Nc7 34. a5 Na6 35. Rd1 Ke6 36. g4 Nb4 37. Ra1 Na6 38. Ra4 f5 39. gxf5+ Kxf5 40. Kg2 g5 41. h3 h5 42. Kg3 h4+ 43. Kg2 Rb2 44. Nc4 Rb4 45. Nd6+ Ke5 46. Nf7+ Kf6 47. Rxb4 cxb4 48. Nd6 Ke5 49. Nc4+ Kd5 50. Nb2 Nc5 51. f4 gxf4 52. a6 Nd3 53. a7 f3+ 54. Kh1 Nxb2 55. a8=Q+ Kc4 56. Qc8+ Kd3 57. Qd7+ Kxe3 0-1


[Site "https://www.chess.com"]

[Event "Titled Tuesday Blitz May 9 Early 2023"]
[White "Perez Gormaz, Matias"]
[Black "Pasti, Aron"]
[WhiteFideId "3406342"]
[BlackFideId "785857"]
[WhiteElo "2362"]
[BlackElo "2173"]
[Result "1-0"]
[Round "01"]
[TimeControl "180+2"]
[Date "2023.05.09"]
[WhiteClock "0:00:14"]
[BlackClock "0:00:07"]

1. e4 c5 2. Nf3 e6 3. g3 Nc6 4. Bg2 Nf6 5. Qe2 d5 6. exd5 Nxd5 7. O-O Be7 8. Rd1 Bf6 9. Nc3 O-O 10. Ne4 b6 11. Nxf6+ Qxf6 12. d4 cxd4 13. Qe4 Bb7 14. Bg5 Qg6 15. Qxg6 hxg6 16. Nxd4 Rfc8 17. c4 Ndb4 18. Nb5 Na5 19. Nd6 Rc7 20. Nxb7 Nxb7 21. Bf4 Re7 22. a3 Na6 23. b4 Rc8 24. Rac1 Nd8 25. Bg5 f6 26. Be3 Nb8 27. c5 b5 28. Rd6 Ndc6 29. Rcd1 Kf7 30. h4 Rcc7 31. Bf4 e5 32. Be3 Ke8 33. Be4 f5 34. Bg2 Red7 35. Bg5 Rxd6 36. Rxd6 Kf7 37. Bd5+ Kf8 38. Rxg6 Ne7 39. Bxe7+ Rxe7 40. Rd6 Rd7 41. Rxd7 Nxd7 42. Be6 Nf6 43. Bxf5 Nd5 44. Bd3 a6 45. Be4 Nc3 46. Bb7 Nb1 47. Bxa6 Nxa3 48. c6 Ke7 49. c7 1-0


[Site "https://www.chess.com"]